 Dungeon Crawl Stone Soup version 0.28-a0-1235-g7c8fac35f0 (webtiles) character file.

Game seed: 6333615880268179522

4477 HessuHobo the Blocker (level 10, -3/82 HPs)
             Began as a Gnoll Fighter on Dec 25, 2021.
             Was an Elder of Okawaru.
             Slain by a hornet (12 damage)
             ... while paralysed by a hornet
             ... on level 8 of the Dungeon.
             The game lasted 00:13:40 (8543 turns).

HessuHobo the Blocker (Gnoll Fighter)               Turns: 8543, Time: 00:13:40

Health: -3/82      AC: 18    Str: 20    XL:     10   Next: 38%
Magic:  17/17      EV:  2    Int:  7    God:    Okawaru [****..]
Gold:   449        SH:  0    Dex: 12    Spells: 19/19 levels left

rFire   . . .      SeeInvis .   D - +4 battleaxe (freeze)
rCold   + . .      Faith    .   (shield currently unavailable)
rNeg    . . .      Spirit   .   B - +7 Kryia's mail coat {PotionHeal*2 rC+}
rPois   .          Reflect  .   w - +0 helmet
rElec   .          Harm     .   (no cloak)
rCorr   .          Rampage  .   h - +0 pair of gloves
Will    .....                   (no boots)
Stlth   +.........              p - amulet of regeneration
HPRegen 1.03/turn               (no ring)
MPRegen 0.15/turn               (no ring)

@: paralysed, lethally poisoned (-3 -> -7)
A: fangs 1, strong nose, distributed training
a: Renounce Religion, Heroism, Finesse


You were on level 8 of the Dungeon.
You worshipped Okawaru.
Okawaru was greatly pleased with you.
You visited 2 branches of the dungeon, and saw 9 of its levels.

You collected 449 gold pieces.

Inventory:

Hand Weapons
 a - a +0 long sword
 s - a +4 dagger of protection
 A - a +6 scythe of distortion
 D - a +4 battleaxe of freezing (weapon)
Missiles
 b - 26 poisoned darts (quivered)
Armour
 c - a +0 buckler
 h - a +0 pair of gloves (worn)
 l - a +3 ring mail of cold resistance
 w - a +0 helmet (worn)
 B - the +7 Kryia's mail coat (worn) {PotionHeal*2 rC+}
   (You found it on level 5 of the Dungeon)

   Potions are twice as effective at healing its wearer.
   rC:        It protects you from cold.
Jewellery
 p - an amulet of regeneration (around neck)
 u - an amulet of guardian spirit
Wands
 d - a wand of mindburst (16)
 k - a wand of flame (35)
 q - a wand of charming (7)
 z - a wand of polymorph (5)
 C - a wand of iceblast (13)
Scrolls
 e - 3 scrolls of identify {unknown}
 f - 2 scrolls of vulnerability
 g - a scroll of magic mapping {unknown}
 i - 3 scrolls of teleportation
 n - a scroll of fog {unknown}
 o - 2 scrolls of fear {unknown}
 v - a scroll of amnesia {unknown}
 x - a scroll of blinking {unknown}
 y - a scroll of enchant armour {unknown}
Potions
 j - 2 potions of invisibility {unknown}
 m - 2 potions of haste {unknown}
 r - a potion of degeneration {unknown}
 t - 3 potions of heal wounds
 E - a potion of brilliance
 F - a potion of lignification {unknown}


   Skills:
 + Level 8.5 Fighting
 + Level 5.2 Short Blades
 + Level 7.0 Long Blades
 + Level 5.2 Axes
 + Level 5.2 Maces & Flails
 + Level 5.2 Polearms
 + Level 5.2 Staves
 + Level 5.2 Slings
 + Level 5.2 Bows
 + Level 5.2 Crossbows
 + Level 5.2 Throwing
 + Level 8.5 Armour
 + Level 5.2 Dodging
 + Level 5.2 Stealth
 + Level 8.5 Shields
 + Level 5.2 Unarmed Combat
 + Level 5.2 Spellcasting
 + Level 4.3 Conjurations
 + Level 4.3 Hexes
 + Level 4.3 Summonings
 + Level 4.3 Necromancy
 + Level 4.3 Translocations
 + Level 4.3 Transmutations
 + Level 4.3 Fire Magic
 + Level 4.3 Ice Magic
 + Level 4.3 Air Magic
 + Level 4.3 Earth Magic
 + Level 4.3 Poison Magic
 + Level 5.7 Invocations
 + Level 5.2 Evocations


You had 19 spell levels left.
You didn't know any spells.
Your spell library was empty.

Dungeon Overview and Level Annotations

Branches:
Dungeon (8/15)             Temple (1/1) D:4
   Lair: D:8-11

Altars:
Ashenzari
Cheibriados
Dithmenos
Elyvilon
Fedhas
Gozag
Hepliaklqana
Kikubaaqudgha
Makhleb
Okawaru
Qazlal
Ru
Sif Muna
Trog
Uskayaw
Vehumet
Wu Jian
Xom
The Shining One

Annotations:
D:4 exclusion: downstairs


Innate Abilities, Weirdness & Mutations

You have very sharp teeth.
Your uncanny sense of smell can sniff out nearby items.
Your experience applies equally to all skills.


Message History

You feel very sick. The hornet stings you!
You feel yourself slow down.
The hornet stings you but does no damage.
The hornet barely misses you.
The hornet stings you but does no damage.
You barely miss the hornet. You bite the hornet.
The hornet is severely wounded.
You feel yourself speed up.
You feel sick.
The hornet stings you but does no damage.
The hornet stings you.
You feel yourself slow down.
The hornet stings you but does no damage.
You closely miss the hornet.
The hornet is severely wounded.
You feel very sick.
The hornet stings you but does no damage.
The hornet stings you!
* * * LOW HITPOINT WARNING * * *
You are more poisoned.
You feel as though you will be slow longer.
The hornet barely misses you.
You closely miss the hornet.
The hornet is severely wounded.
You feel very sick.
The hornet barely misses you. x2; The hornet closely misses you.
The hornet barely misses you.
You closely miss the hornet. Your bite misses the hornet.
The hornet is severely wounded.
You feel yourself speed up.
You feel very sick.
The hornet stings you but does no damage.
The hornet barely misses you.
The hornet stings you but does no damage.
You hit the hornet but do no damage. Your bite misses the hornet.
The hornet is severely wounded.
You feel sick. The hornet stings you!
* * * LOW HITPOINT WARNING * * *
You are more poisoned.
You suddenly lose the ability to move!
The hornet stings you!
You die...

#.#.#.##..#
#+#+#.##..#
..##..#
..##..########
..##..........
+#.##.###########
#...........# ∆ ∆
###########.#
#....y@..# ∆
#.########


You could see a hornet.

Vanquished Creatures
  The ghost of Gilette the Grappler, a novice TrHu of Yredelemnul (D:5)
  Pikel (D:6)
  Grinder (D:4)
  A hornet (D:8)
  Sigmund (D:5)
  2 water moccasins
  An ice beast (D:6)
  A sky beast (D:7)
  A hornet zombie (D:5)
  5 ogres
  An orc warrior (D:7)
  A lemure (D:6)
  A phantom (D:7)
  3 bullfrogs (D:7)
  A gnoll sergeant (D:6)
  3 scorpions
  A wyvern zombie (D:6)
  A water moccasin zombie (D:5)
  A wyvern skeleton (D:5)
  A water moccasin skeleton (D:5)
  3 wights (D:6)
  2 howler monkeys (D:7)
  2 bullfrog zombies
  A centaur zombie (D:7)
  5 hounds
  3 centaur skeletons
  3 orc priests
  A bullfrog skeleton (D:5)
  A jelly (D:4)
  Terence (D:2)
  6 iguanas
  Natasha (thrice) (D:4)
  5 orc wizards
  Ijyb (D:3)
  A mummy (D:5)
  5 adders
  3 gnolls (D:6)
  A shadow imp (D:7)
  2 white imps
  2 ufetubi (D:7)
  2 worms
  3 dart slugs
  26 orcs
  5 endoplasms
  2 giant cockroaches
  9 goblins
  5 hobgoblins
  11 jackals
  13 kobolds
  3 quokkas
  10 ball pythons
  6 bats
  A frilled lizard (D:1)
  9 rats
  A spectral goblin (D:1)
186 creatures vanquished.

Notes
Turn   | Place    | Note
-------+----------+-------------------------------------------
     0 | D:1      | HessuHobo the Gnoll Fighter began the quest for the Orb.
     0 | D:1      | Reached XP level 1. HP: 23/23 MP: 1/1
    61 | D:1      | Reached XP level 2. HP: 10/29 MP: 2/2
   616 | D:1      | Found a faded altar of an unknown god.
   792 | D:1      | Reached XP level 3. HP: 34/35 MP: 3/3
  1329 | D:2      | Reached skill level 1 in Invocations
  1496 | D:2      | Reached skill level 1 in Short Blades
  1496 | D:2      | Reached skill level 1 in Axes
  1496 | D:2      | Reached skill level 1 in Maces & Flails
  1496 | D:2      | Reached skill level 1 in Polearms
  1496 | D:2      | Reached skill level 1 in Staves
  1496 | D:2      | Reached skill level 1 in Slings
  1496 | D:2      | Reached skill level 1 in Bows
  1496 | D:2      | Reached skill level 1 in Crossbows
  1496 | D:2      | Reached skill level 1 in Throwing
  1496 | D:2      | Reached skill level 1 in Dodging
  1496 | D:2      | Reached skill level 1 in Stealth
  1496 | D:2      | Reached skill level 1 in Unarmed Combat
  1496 | D:2      | Reached skill level 1 in Spellcasting
  1496 | D:2      | Reached skill level 1 in Evocations
  1586 | D:2      | Noticed Terence
  1596 | D:2      | Killed Terence
  1597 | D:2      | Reached XP level 4. HP: 30/41 MP: 5/5
  1809 | D:2      | Reached skill level 1 in Conjurations
  1809 | D:2      | Reached skill level 1 in Hexes
  1809 | D:2      | Reached skill level 1 in Summonings
  1809 | D:2      | Reached skill level 1 in Necromancy
  1809 | D:2      | Reached skill level 1 in Translocations
  1809 | D:2      | Reached skill level 1 in Transmutations
  1809 | D:2      | Reached skill level 1 in Fire Magic
  1809 | D:2      | Reached skill level 1 in Ice Magic
  1809 | D:2      | Reached skill level 1 in Air Magic
  1809 | D:2      | Reached skill level 1 in Earth Magic
  1809 | D:2      | Reached skill level 1 in Poison Magic
  2224 | D:3      | You fall into a shaft and drop 2 floors!
  2224 | D:5      | Entered Level 5 of the Dungeon
  2224 | D:5      | Found a radiant altar of Vehumet.
  2260 | D:5      | Found a transporter.
  2262 | D:5      | Noticed Gilette's ghost (novice TrHu)
  2263 | D:5      | Found a transporter.
  2312 | D:4      | Reached XP level 5. HP: 17/47 MP: 5/7
  2591 | D:4      | Noticed an ogre
  2671 | D:3      | Killed an ogre
  2672 | D:3      | Reached XP level 6. HP: 31/53 MP: 8/8
  3097 | D:3      | Found a sacrificial altar of Ru.
  3118 | D:3      | Reached skill level 5 in Long Blades
  3476 | D:3      | Noticed Ijyb
  3477 | D:3      | Killed Ijyb
  4264 | D:4      | Noticed Natasha
  4269 | D:4      | Killed Natasha
  4304 | D:4      | Reached XP level 7. HP: 59/59 MP: 10/10
  4573 | D:4      | Found an ancient bone altar of Kikubaaqudgha.
  4574 | D:4      | Noticed Natasha
  4599 | D:4      | Killed Natasha
  4603 | D:4      | Found a shimmering altar of Xom.
  4608 | D:4      | Found a hazy altar of Hepliaklqana.
  4625 | D:4      | Noticed Natasha
  4633 | D:4      | Killed Natasha
  4722 | D:4      | Found a staircase to the Ecumenical Temple.
  5074 | Temple   | Entered the Ecumenical Temple
  5192 | Temple   | Became a worshipper of Warmaster Okawaru
  5238 | D:5      | Noticed Sigmund
  5266 | D:4      | Noticed Grinder
  5273 | D:4      | Paralysed by Grinder for 7 turns
  5291 | D:4      | Killed Grinder
  5292 | D:4      | Reached XP level 8. HP: 50/67 MP: 10/12
  5797 | D:5      | Reached * piety under Okawaru
  5960 | D:5      | Found the +7 Kryia's mail coat {PotionHeal*2 rC+}
  6027 | D:5      | Killed Sigmund
  6577 | D:5      | Reached XP level 9. HP: 56/72 MP: 14/14
  6580 | D:5      | Reached ** piety under Okawaru
  6726 | D:5      | Killed Gilette's ghost
  7181 | D:6      | Reached skill level 5 in Invocations
  7228 | D:6      | Reached *** piety under Okawaru
  7314 | D:6      | Noticed Pikel
  7323 | D:6      | Killed Pikel
  7324 | D:6      | Reached XP level 10. HP: 59/80 MP: 15/17
  7665 | D:7      | Found a stormy altar of Qazlal.
  7687 | D:7      | Reached skill level 5 in Short Blades
  7687 | D:7      | Reached skill level 5 in Axes
  7687 | D:7      | Reached skill level 5 in Maces & Flails
  7687 | D:7      | Reached skill level 5 in Polearms
  7687 | D:7      | Reached skill level 5 in Staves
  7687 | D:7      | Reached skill level 5 in Slings
  7687 | D:7      | Reached skill level 5 in Bows
  7687 | D:7      | Reached skill level 5 in Crossbows
  7687 | D:7      | Reached skill level 5 in Throwing
  7687 | D:7      | Reached skill level 5 in Dodging
  7687 | D:7      | Reached skill level 5 in Stealth
  7687 | D:7      | Reached skill level 5 in Unarmed Combat
  7687 | D:7      | Reached skill level 5 in Spellcasting
  7687 | D:7      | Reached skill level 5 in Evocations
  8532 | D:8      | Reached **** piety under Okawaru
  8543 | D:8      | Paralysed by a hornet for 2 turns
  8543 | D:8      | Slain by a hornet

Illustrated notes

Levels and vault maps discovered:
D:1:      ebering_trefoil_twist, layout_loops_ring,
          dreamdust_ecumenical_altar_drowned_temple,
          amcnicky_mini_rare_corridor_liquid, minmay_tall_x
D:2:      layout_loops_ring, uniq_terence
D:3:      layout_basic, mainiacjoe_overflow_concentric_impassable, uniq_ijyb
D:4:      minmay_evil_eye, layout_loops_ring, minmay_overflow_temple_star_quad,
          lemuel_temple_firewalk_a, minmay_fractal_squares_diagonal_5,
          uniq_natasha, uniq_grinder
D:5:      layout_cave_pods, nicolae_vehumet_radiance, gammafunk_ghost_mausoleum,
          roderic_lattice_a, minmay_fractal_squares_gapless_5, uniq_sigmund
D:6:      nicolae_cairo_tiling_very_big, layout_basic, uniq_pikel
D:7:      layout_basic, nicolae_qazlal_general_emergency
D:8:      layout_basic, ebering_ghost_xom, blue_anna_alchemist
Temple:   cyrus_circular_temple

Skill      XL: |  1  2  3  4  5  6  7  8  9 10 |
---------------+-------------------------------+-----
Invocations    | 1 2 3 4 5 |  5.7
Short Blades   | 1 2 3 4 5 |  5.2
Axes           | 1 2 3 4 5 |  5.2
Maces & Flails | 1 2 3 4 5 |  5.2
Polearms       | 1 2 3 4 5 |  5.2
Staves         | 1 2 3 4 5 |  5.2
Slings         | 1 2 3 4 5 |  5.2
Bows           | 1 2 3 4 5 |  5.2
Crossbows      | 1 2 3 4 5 |  5.2
Throwing       | 1 2 3 4 5 |  5.2
Dodging        | 1 2 3 4 5 |  5.2
Stealth        | 1 2 3 4 5 |  5.2
Unarmed Combat | 1 2 3 4 5 |  5.2
Spellcasting   | 1 2 3 4 5 |  5.2
Evocations     | 1 2 3 4 5 |  5.2
Conjurations   | 1 2 3 4 |  4.3
Hexes          | 1 2 3 4 |  4.3
Summonings     | 1 2 3 4 |  4.3
Necromancy     | 1 2 3 4 |  4.3
Translocations | 1 2 3 4 |  4.3
Transmutations | 1 2 3 4 |  4.3
Fire Magic     | 1 2 3 4 |  4.3
Ice Magic      | 1 2 3 4 |  4.3
Air Magic      | 1 2 3 4 |  4.3
Earth Magic    | 1 2 3 4 |  4.3
Poison Magic   | 1 2 3 4 |  4.3
Long Blades    | 5 6 7 |  7.0
Fighting       | 7 8 |  8.5
Armour         | 7 8 |  8.5
Shields        | 7 8 |  8.5

Action                   |  1- 3 |  4- 6 |  7- 9 | 10-12 || total
-------------------------+-------+-------+-------+-------++-------
Melee: Long sword        |   145 |   126 |       |       ||   271
       Bite              |    17 |    18 |    34 |     9 ||    78
       Dagger            |       |    33 |   177 |       ||   210
       Scythe            |       |       |    77 |       ||    77
       Battleaxe         |       |       |    25 |    97 ||   122
Evoke: Wand              |       |     1 |     5 |       ||     6
  Use: Potion            |       |     1 |     2 |       ||     3
       Scroll            |       |     1 |     1 |     3 ||     5
 Stab: Sleeping          |       |       |     1 |     1 ||     2
Armor: Scale mail        |    54 |     1 |    38 |    99 ||   192
       Ring mail         |       |    93 |   105 |       ||   198
Dodge: Dodged            |    68 |    88 |   157 |    91 ||   404
Block: Buckler           |    47 |    53 |    35 |       ||   135

Table legend: (Time is in decaauts)
 A = Elapsed time spent in this place.
 B = Non-inter-level travel time spent in this place.
 C = Inter-level travel time spent in this place.
 D = Time resting spent in this place.
 E = Time spent auto-exploring this place.
 F = Levels seen in this place.
 G = Mean time per level.
                   A        B        C        D        E       F      G
               +--------+--------+--------+--------+--------+-----+--------+
         Total |   8699 |   8396 |    303 |   2255 |   4193 |   9 |  966.6 |
       Dungeon |   8569 |   8278 |    291 |   2255 |   4155 |   8 | 1071.1 |
        Temple |    129 |    117 |     12 |      0 |     38 |   1 |  129.0 |
               +--------+--------+--------+--------+--------+-----+--------+

Top non-repeatable levels by time:
     D:3: 1681 daAuts
     D:4: 1556 daAuts
     D:5: 1441 daAuts
     D:1: 1224 daAuts
     D:2: 939 daAuts
     D:7: 852 daAuts
     D:6: 770 daAuts
  Temple: 129 daAuts
     D:8: 103 daAuts
